[Event "Titled Tuesday Blitz March 29 Early 2022"]
[White "Dushyant Sharma"]
[Black "Shuvalova, Polina"]
[WhiteFideId "25065130"]
[BlackFideId "24171760"]
[WhiteElo "2105"]
[BlackElo "2355"]
[Result "1-0"]
[Round "02"]
[TimeControl "180+1"]
[Date "2022.03.30"]
[WhiteClock "0:00:04"]
[BlackClock "0:00:01"]

1. e4 c5 2. Nf3 d6 3. d4 cxd4 4. Nxd4 Nf6 5. Nc3 Nc6 6. f4 Bg4 7. Nf3 Rc8 8. Bd3 Qb6 9. h3 Bd7 10. Qe2 Nb4 11. Be3 Nxd3+ 12. cxd3 Qa5 13. O-O e6 14. Qf2 b6 15. Rac1 Be7 16. e5 Nd5 17. Bd2 Nxc3 18. Bxc3 Qd5 19. Qg3 Rg8 20. Ng5 h6 21. Ne4 Bb5 22. exd6 Bd8 23. Bf6 Rxc1 24. Rxc1 Bc6 25. Be5 Kd7 26. b4 f6 27. Bxf6 a5 28. Bxd8 Kxd8 29. bxa5 Rf8 30. Qxg7 1-0


[Site "https://www.chess.com"]

[Event "Titled Tuesday Blitz March 29 Early 2022"]
[White "Dwilewicz, Katarzyna"]
[Black "Guz, Ari"]
[WhiteFideId "1148486"]
[BlackFideId "2825759"]
[WhiteElo "1907"]
[BlackElo "1913"]
[Result "0-1"]
[Round "02"]
[TimeControl "180+1"]
[Date "2022.03.30"]
[WhiteClock "0:00:49"]
[BlackClock "0:01:02"]

1. e4 e6 2. d4 d5 3. exd5 exd5 4. Bd3 Bd6 5. Nf3 Ne7 6. O-O c6 7. h3 O-O 8. Re1 Bf5 9. Bf1 Nd7 10. Nbd2 Ng6 11. g3 Qc7 12. Bg2 Rae8 13. Rxe8 Rxe8 14. Nf1 Nf6 15. Be3 Qc8 16. Kh2 h5 17. Bg5 Ne4 18. h4 f6 19. Bd2 Nxf2 20. Qc1 Ne4 21. c3 Qc7 22. Be1 Bg4 23. Qe3 Ne7 24. N1d2 Nf5 25. Qg1 Bxg3+ 26. Kh1 Bxe1 27. Rxe1 Nfg3+ 0-1


[Site "https://www.chess.com"]

[Event "Titled Tuesday Blitz March 29 Early 2022"]
[White "FGHSMN"]
[Black "Devaev, Alexander"]
[BlackFideId "4169395"]
[WhiteElo "2754"]
[BlackElo "2185"]
[Result "1-0"]
[Round "02"]
[TimeControl "180+1"]
[Date "2022.03.30"]
[WhiteClock "0:00:42"]
[BlackClock "0:00:01"]

1. d4 Nf6 2. Nf3 e6 3. c4 c5 4. d5 exd5 5. cxd5 d6 6. Nc3 a6 7. a4 g6 8. Nd2 Bg7 9. e4 O-O 10. Be2 Nbd7 11. O-O Rb8 12. Nc4 Qe7 13. Bf4 Ne8 14. a5 Ne5 15. Nb6 Nd7 16. Qb3 Nc7 17. Rfe1 Be5 18. Be3 Nxb6 19. axb6 Ne8 20. f4 Bg7 21. Bf3 Nf6 22. h3 Nd7 23. Na4 Re8 24. Rad1 Qf8 25. Bf2 Bh6 26. g3 Bg7 27. Bg2 h5 28. Qc4 Qe7 29. Re2 Qd8 30. Qb3 Qf6 31. Rde1 h4 32. Qc3 hxg3 33. Bxg3 Qxc3 34. bxc3 Nf8 35. c4 Bd7 36. Nb2 f6 37. Nd3 Bc8 38. e5 fxe5 39. fxe5 Bf5 40. Be4 Bxe4 41. Rxe4 dxe5 42. Nxc5 Nh7 43. Bxe5 Ng5 44. Bxb8 Nxe4 45. Rxe4 Rxb8 46. d6 Bf8 47. Re6 a5 48. Kf1 Ra8 49. d7 Kf7 50. Re5 1-0


[Site "https://www.chess.com"]

[Event "Titled Tuesday Blitz March 29 Early 2022"]
[White "Fajdetic, Hrvoje"]
[Black "Vestby-Ellingsen, Mads"]
[WhiteFideId "14501945"]
[BlackFideId "1520857"]
[WhiteElo "2172"]
[BlackElo "2232"]
[Result "1-0"]
[Round "02"]
[TimeControl "180+1"]
[Date "2022.03.30"]
[WhiteClock "0:00:18"]
[BlackClock "0:00:01"]

1. d4 d5 2. Bf4 c5 3. e3 Nc6 4. Nc3 cxd4 5. exd4 a6 6. Nce2 Nf6 7. Ng3 Qb6 8. Nf3 Bg4 9. c3 Qxb2 10. Rc1 Bxf3 11. Qxf3 e6 12. Bd3 Qa3 13. O-O Be7 14. Rfe1 O-O 15. Nh5 Nxh5 16. Qxh5 g6 17. Qh6 Bf6 18. h4 Nxd4 19. Bxg6 fxg6 20. cxd4 Bxd4 21. Rc7 Rf7 22. Rxf7 Kxf7 23. Qxh7+ Bg7 24. Bh6 Rg8 25. Rxe6 Qd3 26. Re3 Qb1+ 27. Kh2 Qf5 28. Rf3 Qxf3 29. gxf3 d4 30. f4 d3 31. f5 d2 32. Bxd2 gxf5 33. Qxf5+ Ke8 34. Qe6+ 1-0


[Site "https://www.chess.com"]

[Event "Titled Tuesday Blitz March 29 Early 2022"]
[White "Fernandez, Daniel Howard"]
[Black "Glavina, Pablo"]
[WhiteFideId "5801605"]
[BlackFideId "100234"]
[WhiteElo "2466"]
[BlackElo "2369"]
[Result "1-0"]
[Round "02"]
[TimeControl "180+1"]
[Date "2022.03.30"]
[WhiteClock "0:01:51"]
[BlackClock "0:01:16"]

1. e4 e5 2. Nf3 Nc6 3. c3 d5 4. Qa4 f6 5. Bb5 Ne7 6. exd5 Qxd5 7. O-O a6 8. Bc4 Qd6 9. d4 b5 10. Bxb5 Bd7 11. dxe5 fxe5 12. Rd1 Qc5 13. Na3 Nd5 14. Bxc6 Bxc6 15. Qg4 Nf6 16. Qe6+ Qe7 17. Qxc6+ 1-0


[Site "https://www.chess.com"]

[Event "Titled Tuesday Blitz March 29 Early 2022"]
[White "Flis, Pawel"]
[Black "Ronka, Erik"]
[WhiteFideId "1112864"]
[BlackFideId "505080"]
[WhiteElo "1735"]
[BlackElo "2264"]
[Result "0-1"]
[Round "02"]
[TimeControl "180+1"]
[Date "2022.03.30"]
[WhiteClock "0:02:14"]
[BlackClock "0:02:02"]

1. e4 c5 2. Nf3 e6 3. d3 d5 4. Nbd2 Nc6 5. g3 Bd6 6. Bg2 Nge7 7. O-O O-O 8. c3 f6 9. exd5 exd5 10. d4 cxd4 11. Nxd4 Nxd4 12. cxd4 Be6 13. Re1 Bf7 14. Qb3 Qd7 15. Nf1 Nc6 16. Be3 Bb4 17. Red1 Rfe8 18. a3 Ba5 19. Rac1 Bb6 20. Qb5 Rad8 21. h3 Nxd4 22. Bxd4 Qxb5 0-1


[Site "https://www.chess.com"]

[Event "Titled Tuesday Blitz March 29 Early 2022"]
[White "Fromm, Marius"]
[Black "Dovbnia, Nikita"]
[WhiteFideId "12993190"]
[BlackFideId "54104599"]
[WhiteElo "2454"]
[BlackElo "2111"]
[Result "0-1"]
[Round "02"]
[TimeControl "180+1"]
[Date "2022.03.30"]
[WhiteClock "0:00:02"]
[BlackClock "0:00:59"]

1. e4 e5 2. Nf3 Nf6 3. Nxe5 d6 4. Nf3 Nxe4 5. d4 d5 6. Bd3 Bd6 7. O-O O-O 8. c4 c6 9. Re1 Bf5 10. Qb3 Qd7 11. Nc3 dxc4 12. Bxc4 Nxc3 13. bxc3 Na6 14. Ne5 Bxe5 15. Rxe5 Bg6 16. Ba3 Rfe8 17. Rae1 b5 18. Bf1 Rxe5 19. Rxe5 Nc7 20. Re7 Qd8 21. c4 bxc4 22. Bxc4 Nd5 23. Rb7 Qe8 24. Qd1 Rb8 25. Rxb8 Qxb8 26. Bc5 a5 27. Qb3 Qe8 28. Qd1 h6 29. h3 Kh7 30. Qe2 Qb8 31. Bb3 a4 32. Bxa4 Nc3 33. Qa6 Qb1+ 34. Kh2 Qxa2 35. Qxc6 Qxa4 36. Qc7 Ne4 37. Qf4 Nxc5 38. dxc5 Qxf4+ 0-1


[Site "https://www.chess.com"]

[Event "Titled Tuesday Blitz March 29 Early 2022"]
[White "Gabdrakhmanov, Azat"]
[Black "Andreikin, Dmitry"]
[WhiteFideId "34189197"]
[BlackFideId "4158814"]
[WhiteElo "2279"]
[BlackElo "2736"]
[Result "0-1"]
[Round "02"]
[TimeControl "180+1"]
[Date "2022.03.29"]
[WhiteClock "0:00:07"]
[BlackClock "0:02:07"]

1. e4 c5 2. Nf3 e6 3. d4 cxd4 4. Nxd4 Nc6 5. Nc3 Qc7 6. Be3 a6 7. Qd2 Nf6 8. f3 b5 9. g4 Ne5 10. g5 b4 11. Na4 Nh5 12. O-O-O Be7 13. b3 O-O 14. f4 Ng4 15. e5 Bb7 16. Rg1 Nxe3 17. Qxe3 d6 18. Be2 Nxf4 19. Qxf4 dxe5 20. Qg3 Rac8 21. Kb1 Rfd8 22. g6 hxg6 23. Nxe6 Qxc2+ 24. Ka1 Rxd1+ 25. Rxd1 Bf6 0-1


[Site "https://www.chess.com"]

[Event "Titled Tuesday Blitz March 29 Early 2022"]
[White "Garagulya, Konstantin"]
[Black "Matinian, Nikita"]
[WhiteFideId "4128931"]
[BlackFideId "24129100"]
[WhiteElo "2329"]
[BlackElo "2422"]
[Result "1-0"]
[Round "02"]
[TimeControl "180+1"]
[Date "2022.03.29"]
[WhiteClock "0:00:15"]
[BlackClock "0:00:33"]

1. d4 Nf6 2. Nf3 g6 3. Nc3 d5 4. Bf4 c6 5. e3 Bg4 6. h3 Bxf3 7. Qxf3 Nbd7 8. g4 Qb6 9. O-O-O Qa5 10. a3 b5 11. g5 Nh5 12. e4 Nxf4 13. Qxf4 b4 14. axb4 Qxb4 15. exd5 Bg7 16. dxc6 Nb6 17. Ba6 O-O 18. Qe4 Rad8 19. Rhe1 Rxd4 20. Rxd4 Bxd4 21. Nd1 e5 22. c3 Qa5 23. Bd3 1-0


[Site "https://www.chess.com"]

[Event "Titled Tuesday Blitz March 29 Early 2022"]
[White "Gareyev, Timur"]
[Black "Vlassov, Nikolai"]
[WhiteFideId "14200937"]
[BlackFideId "4103360"]
[WhiteElo "2582"]
[BlackElo "2407"]
[Result "1-0"]
[Round "02"]
[TimeControl "180+1"]
[Date "2022.03.29"]
[WhiteClock "0:00:03"]
[BlackClock "0:00:05"]

1. d4 Nf6 2. c4 Nc6 3. Nf3 e6 4. Nc3 Bb4 5. Qc2 d6 6. Bd2 O-O 7. a3 Bxc3 8. Bxc3 Qe7 9. e3 e5 10. dxe5 dxe5 11. b4 Bg4 12. h3 Bxf3 13. gxf3 Rad8 14. Bb2 Rfe8 15. Bd3 g6 16. h4 Nh5 17. O-O-O a5 18. b5 Nb8 19. Be4 c6 20. bxc6 bxc6 21. Rxd8 Rxd8 22. Qc3 Re8 23. f4 f6 24. f5 g5 25. hxg5 Ng7 26. f4 exf4 27. gxf6 Qf7 28. Rg1 Rxe4 29. Rxg7+ Qxg7 30. fxg7 fxe3 31. Qd3 Re8 32. Bc3 e2 33. Be1 Kxg7 34. Qd6 Kf7 35. Kd2 Na6 36. Bh4 Re4 37. Qf6+ Ke8 38. Qd8+ Kf7 39. Qf6+ Ke8 40. Ke1 Nc5 41. Qxc6+ Kf7 42. Qd5+ Ke8 43. Qxc5 Rxh4 44. Qe5+ Kf7 45. Qe6+ Kg7 46. f6+ Kg6 47. f7+ Kg5 48. f8=Q Rh1+ 49. Kxe2 Rh2+ 50. Kd3 Rh3+ 51. Qxh3 a4 52. Qfh6# 1-0


[Site "https://www.chess.com"]

[Event "Titled Tuesday Blitz March 29 Early 2022"]
[White "Garv Gaur"]
[Black "Rustemov, Alexander"]
[WhiteFideId "45030839"]
[BlackFideId "4119002"]
[WhiteElo "1950"]
[BlackElo "2759"]
[Result "0-1"]
[Round "02"]
[TimeControl "180+1"]
[Date "2022.03.29"]
[WhiteClock "0:00:31"]
[BlackClock "0:00:15"]

1. d4 d5 2. Nf3 Nf6 3. c4 e6 4. g3 Be7 5. Bg2 O-O 6. O-O Nbd7 7. Nbd2 c6 8. Qc2 b6 9. e4 Bb7 10. e5 Ne8 11. cxd5 cxd5 12. Re1 Rc8 13. Qd1 Qc7 14. Bf1 Qc2 15. Qxc2 Rxc2 16. Bd3 Rc8 17. Nf1 Nc7 18. Bd2 Ba6 19. Bxa6 Nxa6 20. a3 Nab8 21. Rac1 b5 22. Rxc8 Rxc8 23. Rc1 Rxc1 24. Bxc1 a5 25. Bd2 a4 26. Ne3 Nc6 27. Kf1 Nb6 28. Ke2 Kf8 29. Kd3 Ke8 30. Ne1 h5 31. f4 g6 32. N1c2 Kd7 33. Be1 Bd8 34. h4 Nc4 35. Nxc4 dxc4+ 36. Ke4 Ne7 37. Ne3 Kc6 38. Bb4 Nd5 39. Nxd5 exd5+ 40. Ke3 Kd7 41. Kf3 Ke6 42. Ke3 Kf5 43. Kf3 Bb6 44. Bc3 Ba7 45. Ke3 Kg4 46. Kf2 Bb6 47. Kg2 Bd8 48. Kf2 f6 49. Kg2 Be7 50. Bd2 Kf5 51. Kf3 fxe5 52. fxe5 Bf8 53. Be3 c3 54. Bc1 cxb2 55. Bxb2 b4 56. Ke3 bxa3 57. Bc3 a2 58. Kf3 Bb4 59. Bb2 a3 60. Ba1 Bd2 61. Ke2 Bc1 62. e6 Kxe6 63. Kd1 Bb2 64. Kc2 Bxa1 65. Kb3 Bxd4 66. Kxa2 Be5 67. Kxa3 Bxg3 68. Kb3 Bxh4 69. Kc3 Bf6+ 70. Kd3 g5 71. Ke3 h4 72. Kf3 Kf5 73. Kg2 g4 74. Kh2 d4 75. Kg2 h3+ 76. Kf2 Be5 77. Ke2 Ke4 78. Kd2 g3 79. Ke2 g2 80. Kd2 g1=Q 81. Kc2 Qg2+ 82. Kb3 h2 83. Kc4 h1=Q 84. Kb5 Qc2 0-1


[Site "https://www.chess.com"]

[Event "Titled Tuesday Blitz March 29 Early 2022"]
[White "Gatterer, Florian"]
[Black "Dronavalli, Harika"]
[WhiteFideId "811688"]
[BlackFideId "5015197"]
[WhiteElo "2218"]
[BlackElo "2382"]
[Result "0-1"]
[Round "02"]
[TimeControl "180+1"]
[Date "2022.03.30"]
[WhiteClock "0:00:06"]
[BlackClock "0:00:27"]

1. b3 d6 2. Bb2 e5 3. Nf3 c5 4. e3 Nc6 5. d4 cxd4 6. exd4 e4 7. Nfd2 d5 8. Be2 f5 9. c4 Nf6 10. O-O Bd6 11. Nc3 O-O 12. Nxd5 Nxd5 13. cxd5 Ne7 14. Nc4 Nxd5 15. f3 e3 16. Nxd6 Qxd6 17. g3 f4 18. Bc4 Be6 19. Kg2 Rae8 20. Qe2 a6 21. a4 Qd7 22. g4 Rf6 23. h3 h5 24. Kh2 Rg6 25. Rg1 Qe7 26. Bxd5 Bxd5 27. gxh5 Rh6 28. Rg4 Rf8 29. Rag1 Rf7 30. Qg2 Rxh5 31. Ba3 Qf6 32. Bd6 Qh6 33. Be5 Be6 34. Rxg7+ Rxg7 35. Qxg7+ Qxg7 36. Rxg7+ Kf8 37. Re7 Kxe7 0-1


[Site "https://www.chess.com"]

[Event "Titled Tuesday Blitz March 29 Early 2022"]
[White "Grebeniuk, Semen"]
[Black "Le, Tuan Minh"]
[WhiteFideId "14117509"]
[BlackFideId "12401153"]
[WhiteElo "2234"]
[BlackElo "2450"]
[Result "0-1"]
[Round "02"]
[TimeControl "180+1"]
[Date "2022.03.29"]
[WhiteClock "0:00:22"]
[BlackClock "0:01:26"]

1. d4 d5 2. c4 c6 3. cxd5 cxd5 4. Bf4 Nf6 5. e3 Nc6 6. Bd3 Bg4 7. f3 Bh5 8. Ne2 e6 9. O-O Bd6 10. Nbc3 O-O 11. Bxd6 Qxd6 12. Nf4 Bg6 13. Nxg6 hxg6 14. Rc1 e5 15. Bb5 exd4 16. exd4 Ne7 17. Qd3 Rac8 18. Ba4 Nf5 19. Ne2 Rc4 20. Bb3 Rxc1 21. Rxc1 Re8 22. Nc3 Qf4 23. Rd1 Nh4 24. Qd2 Qf5 25. Re1 Rxe1+ 26. Qxe1 Qg5 27. Qe2 Qc1+ 28. Kf2 Qh1 29. Qe5 Qxg2+ 30. Ke1 Nxf3+ 0-1


[Site "https://www.chess.com"]

[Event "Titled Tuesday Blitz March 29 Early 2022"]
[White "Gu, Xiaobing"]
[Black "Chigaev, Maksim"]
[WhiteFideId "8602611"]
[BlackFideId "4108116"]
[WhiteElo "2174"]
[BlackElo "2502"]
[Result "0-1"]
[Round "02"]
[TimeControl "180+1"]
[Date "2022.03.30"]
[WhiteClock "0:01:50"]
[BlackClock "0:01:48"]

1. e4 c5 2. Nf3 d6 3. Bb5+ Nd7 4. c4 Nf6 5. Nc3 g6 6. d4 cxd4 7. Nxd4 Bg7 8. O-O O-O 9. Ba4 Ne5 10. Qe2 Bg4 11. f3 Bd7 12. Bg5 Bxa4 13. Nxa4 Qa5 14. Nc3 Rfc8 15. Nd5 Nxd5 16. cxd5 Qb6 17. Be3 Nc4 18. Rfd1 Nxe3 19. Qxe3 Rc4 0-1


[Site "https://www.chess.com"]

[Event "Titled Tuesday Blitz March 29 Early 2022"]
[White "Heinemann, Josefine"]
[Black "Weetik, Vjacheslav"]
[WhiteFideId "12900460"]
[BlackFideId "4153472"]
[WhiteElo "2300"]
[BlackElo "2469"]
[Result "0-1"]
[Round "02"]
[TimeControl "180+1"]
[Date "2022.03.30"]
[WhiteClock "0:00:09"]
[BlackClock "0:00:06"]

1. Nf3 Nf6 2. g3 d5 3. Bg2 Bf5 4. O-O e6 5. d3 c6 6. Nbd2 h6 7. Re1 Bh7 8. e4 Be7 9. Qe2 a5 10. c3 Na6 11. e5 Nd7 12. h4 Nac5 13. d4 Nd3 14. Rf1 a4 15. c4 a3 16. bxa3 Qa5 17. cxd5 cxd5 18. Nb3 Qa6 19. Be3 O-O 20. Rfd1 Bxa3 21. Bf1 Nb2 22. Qd2 Nc4 23. Qe1 Rfc8 24. Nh2 Bb2 25. Ng4 Bxa1 26. Rxa1 Qa3 27. Qe2 Qb2 28. Qf3 Rxa2 29. Rxa2 Qxa2 30. Bxh6 Bf5 31. Bxg7 Kxg7 32. Ne3 Bh7 33. Qg4+ Kh8 34. Nc5 Nxe3 35. fxe3 Nxc5 36. dxc5 Qd2 37. Qf4 Kg8 38. Qg5+ Kf8 39. h5 d4 40. Qh6+ Ke7 41. Qxh7 Qxe3+ 42. Kg2 Qxe5 43. h6 Rh8 44. Qg7 Qxg7 45. hxg7 Rg8 46. Kf3 Rxg7 47. Bd3 Kd7 48. Be4 Kc7 49. c6 bxc6 50. Bd3 c5 51. Kf4 Kd6 52. Kf3 f5 53. g4 Rxg4 54. Kf2 Ke5 55. Bc4 Rh4 0-1


[Site "https://www.chess.com"]

[Event "Titled Tuesday Blitz March 29 Early 2022"]
[White "Hernandez Jimenez, Alexander Andres"]
[Black "Csonka, Balazs"]
[WhiteFideId "3900452"]
[BlackFideId "742910"]
[WhiteElo "2082"]
[BlackElo "2404"]
[Result "0-1"]
[Round "02"]
[TimeControl "180+1"]
[Date "2022.03.30"]
[WhiteClock "0:00:22"]
[BlackClock "0:00:29"]

1. e4 e5 2. Nf3 Nc6 3. Bc4 Nf6 4. d3 h6 5. c3 d6 6. O-O g5 7. b4 Bg7 8. Nbd2 O-O 9. h3 Ne7 10. Re1 Ng6 11. Nf1 d5 12. Bb3 dxe4 13. dxe4 Qxd1 14. Bxd1 Nf4 15. Bc2 Ne8 16. Ng3 Nd6 17. Nf5 Bxf5 18. exf5 e4 19. Nd4 Rfe8 20. Bxf4 gxf4 21. g4 Rac8 22. Bb3 c5 23. bxc5 Rxc5 24. Rad1 f3 25. Nxf3 exf3 26. Rxe8+ Nxe8 27. Rd8 Kf8 28. Ba4 Re5 0-1


[Site "https://www.chess.com"]

[Event "Titled Tuesday Blitz March 29 Early 2022"]
[White "Hua, Lefong"]
[Black "Pranav, V"]
[WhiteFideId "2602253"]
[BlackFideId "25060783"]
[WhiteElo "2562"]
[BlackElo "2349"]
[Result "1-0"]
[Round "02"]
[TimeControl "180+1"]
[Date "2022.03.29"]
[WhiteClock "0:01:16"]
[BlackClock "0:01:16"]

1. d4 Nf6 2. c4 e6 3. Nc3 Bb4 4. f3 c5 5. d5 Nh5 6. Nh3 Qh4+ 7. Nf2 Qxc4 8. e4 Bxc3+ 9. bxc3 Qxc3+ 10. Bd2 Qd4 11. Qc1 Qe5 12. g4 Nf6 13. Bc3 Qc7 14. Qg5 O-O 15. Bxf6 Qa5+ 16. Kd1 Qa4+ 17. Kc1 g6 18. Qh6 Qa3+ 19. Bb2 1-0


[Site "https://www.chess.com"]

[Event "Titled Tuesday Blitz March 29 Early 2022"]
[White "Ianov, Viktor"]
[Black "Krylov, Ivan"]
[WhiteFideId "14102730"]
[BlackFideId "24128066"]
[WhiteElo "2161"]
[BlackElo "2258"]
[Result "1-0"]
[Round "02"]
[TimeControl "180+1"]
[Date "2022.03.30"]
[WhiteClock "0:01:14"]
[BlackClock "0:00:02"]

1. Nf3 d5 2. g3 Nf6 3. Bg2 Bf5 4. O-O e6 5. d3 c5 6. c4 Nc6 7. cxd5 exd5 8. d4 c4 9. Nc3 Be7 10. b3 Bb4 11. Bb2 Bxc3 12. Bxc3 b5 13. bxc4 bxc4 14. Ne5 Nxe5 15. dxe5 Ne4 16. Bd4 O-O 17. Qa4 Ng5 18. Rfd1 Be4 19. f3 Bg6 20. Bc5 Re8 21. Bd6 f6 22. Rxd5 fxe5 23. Rad1 Qb6+ 24. Kh1 Nf7 25. Qxc4 Nxd6 26. Rxd6+ Bf7 27. Qa4 Qc7 28. f4 Rad8 29. Rxd8 Rxd8 30. Rxd8+ Qxd8 31. fxe5 Qc7 32. Bf3 h6 33. Qd4 Qc1+ 34. Kg2 Qc7 35. a4 a5 36. h4 Be6 37. h5 Qf7 38. Qd8+ Kh7 39. Qxa5 Bf5 40. Qc5 Qe6 41. a5 Bh3+ 42. Kf2 Bg4 43. Qd6 Qc8 44. Qg6+ Kh8 45. Qxg4 Qc5+ 46. Kg2 Qxa5 47. e6 Qe5 48. Qg6 1-0


[Site "https://www.chess.com"]

[Event "Titled Tuesday Blitz March 29 Early 2022"]
[White "Ilyasli, Ughur"]
[Black "Cramling Bellon, Anna"]
[WhiteFideId "13416197"]
[BlackFideId "32009232"]
[WhiteElo "2045"]
[BlackElo "1905"]
[Result "1-0"]
[Round "02"]
[TimeControl "180+1"]
[Date "2022.03.30"]
[WhiteClock "0:00:13"]
[BlackClock "0:00:02"]

1. d4 Nf6 2. c4 e6 3. Nc3 d5 4. Nf3 c6 5. e3 Be7 6. Bd3 O-O 7. O-O dxc4 8. Bxc4 b5 9. Bd3 Bb7 10. Qe2 Nbd7 11. e4 g6 12. e5 Nd5 13. Nxd5 exd5 14. e6 fxe6 15. Qxe6+ Kg7 16. Re1 Bf6 17. Qh3 Re8 18. Bh6+ Kg8 19. Re6 Nf8 20. Rxe8 Qxe8 21. Re1 Qf7 22. Ne5 Bxe5 23. dxe5 Bc8 24. Qh4 Ne6 25. Re3 Ng7 26. Rf3 Qe8 27. Qf6 Ne6 28. Rg3 Bd7 29. h4 Qd8 30. Rxg6+ hxg6 31. Qxg6+ Kh8 32. Qh7# 1-0


[Site "https://www.chess.com"]

[Event "Titled Tuesday Blitz March 29 Early 2022"]
[White "Jaferian, Koosha"]
[Black "Nan, M K Khine Hlyan"]
[WhiteFideId "12507440"]
[BlackFideId "13002899"]
[WhiteElo "2030"]
[BlackElo "1943"]
[Result "1-0"]
[Round "02"]
[TimeControl "180+1"]
[Date "2022.03.30"]
[WhiteClock "0:02:30"]
[BlackClock "0:01:04"]

1. Nf3 d5 2. b3 Nf6 3. Bb2 g6 4. g3 Bg7 5. c4 dxc4 6. bxc4 O-O 7. d3 Nc6 8. Bg2 Bg4 9. O-O Rb8 10. Nbd2 e6 11. Rb1 b5 12. Qc2 b4 13. d4 a5 14. e4 Bxf3 15. Nxf3 a4 16. d5 a3 17. Bxf6 Bxf6 18. dxc6 Bb2 19. Rbd1 Qf6 20. Nd2 Rb6 21. Nb3 Rxc6 22. e5 Rxc4 23. Qxc4 Bxe5 24. Qxb4 1-0


[Site "https://www.chess.com"]

[Event "Titled Tuesday Blitz March 29 Early 2022"]
[White "Janaszak, Dawid"]
[Black "Johnson, Ben"]
[WhiteFideId "1119206"]
[BlackFideId "2010917"]
[WhiteElo "2199"]
[BlackElo "2213"]
[Result "1-0"]
[Round "02"]
[TimeControl "180+1"]
[Date "2022.03.30"]
[WhiteClock "0:00:39"]
[BlackClock "0:00:04"]

1. e4 c5 2. Nc3 Nc6 3. Bb5 Nd4 4. Nf3 g6 5. Ba4 Bg7 6. O-O a6 7. Nxd4 cxd4 8. Ne2 b5 9. Bb3 d6 10. d3 Bb7 11. f4 Qb6 12. Kh1 Nf6 13. Qe1 O-O 14. f5 a5 15. a3 Rad8 16. Nf4 d5 17. fxg6 hxg6 18. e5 Ng4 19. e6 f5 20. Nxg6 Qd6 21. Bf4 Qc5 22. Qh4 Rf6 23. Qh5 Bc6 24. Bg5 Rxe6 25. Rxf5 Ne3 26. Rf3 Be8 27. Rf8+ Bxf8 28. Qh8+ Kf7 29. Nxf8 1-0


[Site "https://www.chess.com"]

[Event "Titled Tuesday Blitz March 29 Early 2022"]
[White "Jumabayev, Rinat"]
[Black "Chen, Qi b"]
[WhiteFideId "13702661"]
[BlackFideId "8614733"]
[WhiteElo "2561"]
[BlackElo "2432"]
[Result "1-0"]
[Round "02"]
[TimeControl "180+1"]
[Date "2022.03.29"]
[WhiteClock "0:00:33"]
[BlackClock "0:00:01"]

1. d4 Nf6 2. c4 g6 3. Nf3 Bg7 4. g3 O-O 5. Bg2 c6 6. O-O d5 7. Qb3 a5 8. cxd5 a4 9. Qd1 cxd5 10. Nc3 a3 11. bxa3 Ne4 12. Qb3 Nc6 13. Nb5 Na5 14. Qb4 Nc4 15. Ng5 Nf6 16. Bf4 Bd7 17. Nc7 Rxa3 18. Nxd5 Nxd5 19. Bxd5 Ra4 20. Qxb7 e6 21. Bg2 Bxd4 22. Rad1 e5 23. Bc1 Qc8 24. Qxc8 Bxc8 25. Nf3 Ba7 26. Bh6 Re8 27. Ng5 Bf5 28. Bc6 1-0


[Site "https://www.chess.com"]

[Event "Titled Tuesday Blitz March 29 Early 2022"]
[White "Kaminski, Victor"]
[Black "Nazari, Arad"]
[WhiteFideId "1131630"]
[BlackFideId "12577324"]
[WhiteElo "2181"]
[BlackElo "2120"]
[Result "1-0"]
[Round "02"]
[TimeControl "180+1"]
[Date "2022.03.30"]
[WhiteClock "0:00:06"]
[BlackClock "0:00:53"]

1. e4 c5 2. Nf3 d6 3. Bb5+ Nd7 4. O-O a6 5. Bd3 g6 6. c3 Bg7 7. Bc2 Ngf6 8. Re1 O-O 9. d4 e5 10. Nbd2 b5 11. a4 Bb7 12. Nf1 Qb6 13. Ng3 Rfd8 14. h4 h5 15. Bg5 Re8 16. d5 Ng4 17. Nh2 Ndf6 18. Nxg4 Nxg4 19. Nf1 f6 20. Bd2 c4 21. Ne3 Nxe3 22. Bxe3 Qc7 23. Qd2 Qd7 24. f3 f5 25. exf5 gxf5 26. Bg5 Qf7 27. Rad1 Bc8 28. Qe2 Bf6 29. f4 Bg7 30. Qf2 e4 31. Qb6 Qa7 32. Qxa7 Rxa7 33. Ra1 b4 34. cxb4 Bxb2 35. Ra2 Bc3 36. Rb1 Bd7 37. Bd1 Kf7 38. Bxh5+ Kg7 39. Bxe8 Bxe8 40. Rc2 Bd4+ 41. Kh2 c3 42. b5 axb5 43. axb5 Kg6 44. b6 Rb7 45. Bd8 e3 46. Rb4 Bc5 47. Rc4 e2 48. Rxe2 Bb5 49. Re6+ Kf7 50. Rxc3 Bd7 51. Re7+ Kg6 52. Rg3+ Kh6 53. h5 Bc8 54. Rg6+ Kxh5 55. Rxb7 Bxb7 56. Rg7 Bxd5 57. b7 Ba7 58. Bc7 Bxb7 59. Bxd6 1-0


[Site "https://www.chess.com"]

[Event "Titled Tuesday Blitz March 29 Early 2022"]
[White "Karavaeva, Olga"]
[Black "Shandrygin, Nikita"]
[WhiteFideId "4124111"]
[BlackFideId "24198668"]
[WhiteElo "2105"]
[BlackElo "2324"]
[Result "0-1"]
[Round "02"]
[TimeControl "180+1"]
[Date "2022.03.30"]
[WhiteClock "0:02:15"]
[BlackClock "0:01:25"]

1. c4 Nf6 2. Nc3 d5 3. cxd5 Nxd5 4. Nf3 g6 5. g3 Bg7 6. Bg2 O-O 7. O-O Nc6 8. d4 Nxc3 9. bxc3 e5 10. d5 Ne7 11. e4 b6 12. Qb3 a5 13. a4 Ba6 14. Rd1 Nc8 15. Ba3 Re8 16. c4 Nd6 17. c5 bxc5 18. Bxc5 Qd7 19. Qc3 Nxe4 20. Qxa5 Be2 21. Qb4 Nxc5 22. Qxc5 Bxd1 23. Rxd1 Rxa4 24. Rc1 e4 25. Ng5 Bd4 26. Qxc7 Qxc7 27. Rxc7 e3 28. Nxf7 exf2+ 0-1


[Site "https://www.chess.com"]

[Event "Titled Tuesday Blitz March 29 Early 2022"]
[White "Karolczuk, Iwo"]
[Black "Garcia Fuentes, Sergio Miguel"]
[WhiteFideId "21816972"]
[BlackFideId "7300549"]
[WhiteElo "2243"]
[BlackElo "2167"]
[Result "1-0"]
[Round "02"]
[TimeControl "180+1"]
[Date "2022.03.30"]
[WhiteClock "0:02:24"]
[BlackClock "0:00:19"]

1. e4 e5 2. Nf3 Nc6 3. Bb5 Nf6 4. d3 Bc5 5. Nbd2 O-O 6. Nc4 d6 7. h3 Ne7 8. Ne3 c6 9. Ba4 Be6 10. c3 h6 11. O-O Bb6 12. Bc2 Qc8 13. Kh2 Ng6 14. d4 Rd8 15. Nf5 d5 16. Nxe5 Nxe5 17. Ne7+ 1-0


[Site "https://www.chess.com"]

[Event "Titled Tuesday Blitz March 29 Early 2022"]
[White "Kejzar, Petra"]
[Black "Shtyka, Sergey"]
[WhiteFideId "14610213"]
[BlackFideId "4138465"]
[WhiteElo "2003"]
[BlackElo "2014"]
[Result "0-1"]
[Round "02"]
[TimeControl "180+1"]
[Date "2022.03.30"]
[WhiteClock "0:01:38"]
[BlackClock "0:01:41"]

1. e4 c5 2. Nf3 d6 3. Nc3 Nc6 4. d4 cxd4 5. Nxd4 g6 6. Be2 Bg7 7. Be3 Nf6 8. f3 O-O 9. O-O d5 10. Nxc6 bxc6 11. e5 Ne8 12. f4 f6 13. exf6 exf6 14. Bc5 Rf7 15. Bd3 f5 16. Rb1 Nd6 17. Ne2 Ne4 18. Bxe4 fxe4 19. Nd4 Bd7 20. c4 Qa5 21. b4 Qxa2 22. cxd5 Qxd5 23. Qe2 Bxd4+ 24. Kh1 Bxc5 25. Rbd1 Bd4 0-1


[Site "https://www.chess.com"]